 Dungeon Crawl Stone Soup version 0.23.1 (webtiles) character file.

Game seed: 9630741384472989672

37 Borgoz the Sneak (level 3, 0/27 HPs)
             Began as a Ghoul Enchanter on Mar 14, 2019.
             Slain by Terence
             ... wielding a +0 flail
              (5 damage)
             ... on level 2 of the Dungeon.
             The game lasted 00:02:27 (1610 turns).

Borgoz the Sneak (Ghoul Enchanter)                  Turns: 1610, Time: 00:02:27

Health: 0/27       AC:  5    Str: 11    XL:     3   Next: 41%
Magic:  3/4        EV: 10    Int: 10    God:
Gold:   46         SH:  0    Dex: 10    Spells: 4/5 levels left

rFire    . . .     SeeInvis .   a - +1 dagger
rCold    + . .     Gourm    .   (no shield)
rNeg     + + +     Faith    .   f - +0 ring mail
rPois    ∞         Spirit   .   (no helmet)
rElec    .         Reflect  .   (no cloak)
rCorr    .         Harm     .   (no gloves)
MR       .....                  (no boots)
Stlth    ..........             (no amulet)
HPRegen  0.00/turn              h - ring of attention (curse)
MPRegen  0.09/turn              (no ring)

@: rotting
A: rotting body, claws 1, carnivore, cold resistance 1, negative energy
resistance 3, inhibited regeneration, torment resistance, unbreathing
a: no special abilities


You were on level 2 of the Dungeon.
You were not hungry.

You visited 1 branch of the dungeon, and saw 2 of its levels.

You collected 46 gold pieces.

Inventory:

Hand Weapons
 a - a +1 dagger (weapon)
Armour
 f - a +0 ring mail (worn)
Jewellery
 e - an uncursed amulet of faith
 h - a cursed ring of attention (left claw)
Comestibles
 d - a ration


   Skills:
 + Level 0.8 Fighting
 * Level 1.5 Short Blades
 * Level 0.7 Armour
 * Level 2.1 Dodging
 + Level 3.5 Stealth
 + Level 1.9 Spellcasting
 + Level 2.5 Hexes


You had 4 spell levels left.
You knew the following spells:

 Your Spells              Type           Power        Failure   Level  Hunger
a - Corona                Hex            #......      26%         1    ##.....

Your spell library contained the following spells:

 Spells                   Type           Power        Failure   Level  Hunger
 Ensorcelled Hibernation  Hex/Ice        #.....       56%         2    ###....
 Confuse                  Hex            #.......     63%         3    ####...
 Tukima's Dance           Hex            #.......     63%         3    ####...
 Dazzling Spray           Conj/Hex       #.....       80%         3    ####...


Dungeon Overview and Level Annotations

Branches:
Dungeon (2/15)

Altars:

Annotations:
D:2 Terence


Innate Abilities, Weirdness & Mutations

Your body is rotting away.
You thrive on raw meat.
You are immune to poison.
You have sharp fingernails.
You are carnivorous and can eat meat at any time.
Your flesh is cold resistant. (rC+)
You are immune to negative energy. (rN+++)
You do not regenerate when monsters are visible.
You are immune to unholy pain and torment.
You can survive without breathing.


Message History

You don't know that spell.
Unknown command.
The leopard gecko hisses angrily.
Terence screams, "I'm going to kill you!"
Terence says, "Did you write a will?
You should..."
Terence hits you with a +0 flail!
Casting: Corona (safe; 26% risk of failure)
Confirm with . or Enter, or press ? or * to list all spells.
Aiming: Corona (safe; 26% risk of failure)
Press: ? - help, Shift-Dir - straight line, f - Terence
Aim: Terence, wielding a +0 flail and wearing a +0 chain mail of fire resistance (chance to defeat MR: 50%) Terence is outlined in light.
You hit Terence.
Terence is lightly wounded.
Terence hits you with a +0 flail.
* * * LOW HITPOINT WARNING * * *
You hit Terence but do no damage.
Terence is lightly wounded.
Terence hits you with a +0 flail.
You die...

...###.### ......
.........##.#...#
....$..#.........
............#####
.........####
##"#####l# #.#
#@# #@# #.# ##
#.# #.# #>. #.#
#.# #.# #.# #.#
#<# #.# #.# #.#
#.# #.# #.# #.#
#.#####.###.#
###...........#


You could see Terence and a leopard gecko.

Vanquished Creatures
  6 bats (D:1)
  2 giant cockroaches (D:1)
  3 hobgoblins
  4 jackals (D:1)
  3 frilled lizards (D:1)
  7 goblins (D:1)
  6 kobolds
  4 rats (D:1)
35 creatures vanquished.

Notes
Turn   | Place    | Note
-------+----------+-------------------------------------------
     0 | D:1      | Borgoz the Ghoul Enchanter began the quest for the Orb.
     0 | D:1      | Reached XP level 1. HP: 14/14 MP: 2/2
    29 | D:1      | Reached skill level 1 in Short Blades
   236 | D:1      | Reached XP level 2. HP: 20/20 MP: 3/3
   907 | D:1      | Reached XP level 3. HP: 27/27 MP: 4/4
  1595 | D:2      | Noticed Terence
  1610 | D:2      | Slain by Terence

Skill      XL: |  1  2 |
---------------+-------+-----
Short Blades   | 1 |  1.5
Dodging        | 2 |  2.1
Fighting       | |  0.8
Armour         | |  0.7
Stealth        | |  3.5
Spellcasting   | |  1.9
Hexes          | |  2.5

Action                   || total
-------------------------++-------
Melee: Dagger            ||   173
 Cast: Corona            ||     1
  Use: Scroll            ||     1
       Potion            ||     1
 Stab: Sleeping          ||     2
  Eat: Chunk             ||     5
Armor: Robe              ||     4
       Ring mail         ||    49
Dodge: Dodged            ||   112
